 Dungeon Crawl Stone Soup version 0.29-a0-1018-g6b6670bd90 (webtiles) character file.

Game seed: 7489117943114870963

507875 Ajdolov the Sorcerer (level 25, -21/148 HPs)
             Began as a Vine Stalker Fire Elementalist on Aug 9, 2022.
             Was the Champion of Vehumet.
             Shot with a bolt by a yaktaur captain (28 damage)
             ... on level 5 of the Vaults on Aug 10, 2022.
             The game lasted 05:13:52 (77741 turns).

Ajdolov the Sorcerer (VSFE)                        Turns: 77741, Time: 05:13:53

Health: -21/148    AC: 21    Str: 11    XL:     25   Next: 42%
Magic:  0/50       EV: 15    Int: 31    God:    Vehumet [******]
Gold:   3850       SH:  0    Dex: 13    Spells: 2/68 levels left

rFire   + . .      SeeInvis .   b - +8 triple crossbow of the Enchanting Goat {freeze, rElec Int+8 Dex-3 Stlth-}
rCold   + . .      Faith    .   (shield currently unavailable)
rNeg    + . .      Spirit   +   c - +2 robe {rC+ rF+}
rPois   +          Reflect  .   S - +2 hat
rElec   +          Harm     .   y - +2 cloak
rCorr   +          Rampage  .   e - +2 pair of gloves
Will    ++++.                   A - +2 pair of boots "Qirghicly" {rN+ Will+ rCorr Str-3}
Stlth   +.........              X - amulet of magic regeneration
HPRegen 1.14/turn               L - ring of wizardry
MPRegen 0.72/turn               B - +4 ring of protection

@: about to teleport, very slightly contaminated, studying 2 skills, invisible
A: fangs 3, regeneration 1, magic shield, antimagic bite, no potion heal 2,
antennae 1, iridescent scales 1, poison resistance, robust 1
}: 2/15 runes: barnacled, gossamer
a: Renounce Religion


You were on level 5 of the Vaults.
You worshipped Vehumet.
Vehumet was exalted by your worship.
You visited 10 branches of the dungeon, and saw 46 of its levels.
You also visited: Trove, Gauntlet and Ice Cave.

You collected 6407 gold pieces.
You spent 2557 gold pieces at shops.

Inventory:

Hand Weapons
 a - a +9 dagger of speed
 b - the +8 triple crossbow of the Enchanting Goat (weapon) {freeze, rElec Int+8 Dex-3 Stlth-}
   (You found it on level 4 of the Shoals)

   Any ammunition fired from it freezes those it strikes, dealing additional
   cold damage.
   It can also slow down cold-blooded creatures.
   Int:       It affects your intelligence (+8).
   Dex:       It affects your dexterity (-3).
   rElec:     It insulates you from electricity.
   Stlth:     It makes you less stealthy.
Missiles
 C - 12 curare-tipped darts
 N - 7 throwing nets
Armour
 c - a +2 robe of resistance (worn)
 e - a +2 pair of gloves (worn)
 u - the +3 pair of mountain boots {steadfast, rC+}
   (You found it on level 3 of the Elven Halls)

   It prevents involuntary movement, except for blinking, teleportation, or
   banishment.
   rC:        It protects you from cold.
 y - a +2 cloak (worn)
 A - the +2 pair of boots "Qirghicly" (worn) {rN+ Will+ rCorr Str-3}
   (You bought it in a shop on level 7 of the Dungeon)

   Str:       It affects your strength (-3).
   rN:        It protects you from negative energy.
   rCorr:     It protects you from acid and corrosion.
   Will:      It increases your willpower.
 S - a +2 hat (worn)
Jewellery
 m - the ring of Masun {rPois rF+ Str+6 Int-3}
   (You found it in an ice cave)

   [ring of strength]

   Str:       It affects your strength (+6).
   Int:       It affects your intelligence (-3).
   rF:        It protects you from fire.
   rPois:     It protects you from poison.
 B - a +4 ring of protection (right hand)
 D - a ring of see invisible
 L - a ring of wizardry (left hand)
 X - an amulet of magic regeneration (around neck)
Wands
 h - a wand of polymorph (9)
 w - a wand of charming (18)
 H - a wand of light (12)
 I - a wand of iceblast (22)
 K - a wand of mindburst (35)
 W - a wand of digging (4)
 Y - a wand of flame (65)
Scrolls
 f - 9 scrolls of magic mapping
 i - 16 scrolls of fear
 j - 11 scrolls of teleportation
 k - 7 scrolls of enchant armour
 q - 8 scrolls of amnesia
 s - 9 scrolls of poison
 v - 9 scrolls of immolation
 J - 10 scrolls of vulnerability
 M - 2 scrolls of summoning
 R - 2 scrolls of silence
 T - 7 scrolls of butterflies
 V - a scroll of blinking
 Z - 2 scrolls of torment
Potions
 d - 12 potions of flight
 l - a potion of magic
 n - 20 potions of curing
 o - 4 potions of cancellation
 r - 4 potions of brilliance
 t - 20 potions of lignification
 x - 6 potions of mutation
 z - 8 potions of ambrosia
 F - 4 potions of haste
 G - 9 potions of might
 O - 5 potions of attraction
 Q - 2 potions of invisibility
 U - 4 potions of resistance
Miscellaneous
 g - a phantom mirror
 p - a phial of floods
 E - a box of beasts
 P - a condenser vane (inert)


   Skills:
 - Level 15.0 Fighting
 - Level 5.0 Short Blades
 - Level 7.5 Dodging
 - Level 2.4 Stealth
 - Level 22.2 Spellcasting
 * Level 17.6 Conjurations
 - Level 6.0 Necromancy
 - Level 10.0 Transmutations
 - Level 14.0 Fire Magic
 * Level 17.5 Air Magic
 - Level 18.2 Earth Magic
 - Level 5.0 Poison Magic
 - Level 7.5 Evocations


You had 2 spell levels left.
You knew the following spells:

 Your Spells              Type           Power      Damage    Failure   Level
a - Shatter               Erth           49%        3d38*     6%          9
b - Ignite Poison         Fire/Tmut/Pois 76%        N/A       1%          3
c - Ignition              Fire           44%        3d13      2%          8
d - Irradiate             Conj/Tmut      44%        3d26      1%          5
e - Stone Arrow           Conj/Erth      100%       3d13      0%          3
f - Borgnjor's Vile Clut  Necr/Erth      41%        N/A       1%          5
g - Yara's Violent Unrav  Hex/Tmut       30%        3d13      1%          5
h - Chain Lightning       Conj/Air       48%        3d64      8%          9
i - Eringya's Noxious Bo  Tmut/Pois      34%        N/A       1%          6
j - Orb of Destruction    Conj           48%        9d13      1%          7
k - Starburst             Conj/Fire      46%        6d13      1%          6

Your spell library contained the following spells:

 Spells                   Type           Power      Damage    Failure   Level
 Beastly Appendage        Tmut           100%       N/A       0%          1
 Foxfire                  Conj/Fire      100%       2x1d9     0%          1
 Shock                    Conj/Air       100%       1d9       0%          1
 Passwall                 Tmut/Erth      74%        N/A       0%          2
 Poisonous Vapours        Pois/Air       100%       N/A       0%          2
 Scorch                   Fire           100%       2d10      0%          2
 Static Discharge         Conj/Air       97%        3-16/arc  0%          2
 Apportation              Tloc           68%        N/A       1%          1
 Necrotise                Necr           100%       1d9       1%          1
 Slow                     Hex            100%       N/A       1%          1
 Sting                    Tmut/Pois      100%       1d8       1%          1
 Summon Small Mammal      Summ           100%       N/A       1%          1
 Ensorcelled Hibernation  Hex/Ice        68%        N/A       1%          2
 Sublimation of Blood     Necr           64%        N/A       1%          2
 Conjure Flame            Conj/Fire      93%        6-21      0%          3
 Mephitic Cloud           Conj/Pois/Air  87%        N/A       0%          3
 Swiftness                Air            97%        N/A       0%          3
 Airstrike                Air            48%        2d(7-23)  0%          4
 Flame Wave               Conj/Fire      93%        2d20      0%          4
 Sticky Flame             Conj/Fire      93%        2d10      0%          4
 Lee's Rapid Deconstruct  Erth           49%        3d24*     0%          5
 Lightning Bolt           Conj/Air       48%        1d69      0%          5
 Call Canine Familiar     Summ           34%        N/A       1%          3
 Dazzling Flash           Conj/Hex       100%       N/A       1%          3
 Frozen Ramparts          Ice            68%        1d11      1%          3
 Gell's Gravitas          Tloc           34%        N/A       1%          3
 Inner Flame              Hex/Fire       67%        N/A       1%          3
 Lesser Beckoning         Tloc           34%        N/A       1%          3
 Ozocubu's Armour         Ice            34%        N/A       1%          3
 Portal Projectile        Hex/Tloc       68%        N/A       1%          3
 Spider Form              Tmut/Pois      69%        N/A       1%          3
 Summon Guardian Golem    Hex/Summ       34%        N/A       1%          3
 Teleport Other           Tloc           34%        N/A       1%          3
 Tukima's Dance           Hex            34%        N/A       1%          3
 Vampiric Draining        Necr           64%        2d10      1%          3
 Anguish                  Hex/Necr       26%        N/A       1%          4
 Animate Armour           Summ/Erth      100%       N/A       1%          4
 Animate Dead             Necr           64%        N/A       1%          4
 Corpse Rot               Necr/Pois/Air  75%        N/A       1%          4
 Dispel Undead            Necr           64%        3d22      1%          4
 Fulminant Prism          Conj/Hex       36%        3d18      1%          4
 Ice Form                 Ice/Tmut       60%        N/A       1%          4
 Iskenderun's Mystic Bla  Conj/Tloc      73%        2d15      1%          4
 Leda's Liquefaction      Hex/Erth       37%        N/A       1%          4
 Petrify                  Tmut/Erth      89%        N/A       1%          4
 Summon Lightning Spire   Summ/Air       73%        N/A       1%          4
 Agony                    Necr           64%        N/A       1%          5
 Alistair's Intoxication  Tmut/Pois      46%        N/A       1%          5
 Blade Hands              Tmut           38%        N/A       1%          5
 Fireball                 Conj/Fire      46%        3d18      1%          5
 Silence                  Hex/Air        36%        N/A       1%          5
 Iron Shot                Conj/Erth      49%        9d9       1%          6
 Statue Form              Tmut/Erth      59%        N/A       1%          6
 Storm Form               Tmut/Air       44%        N/A       1%          7
 Lehudib's Crystal Spear  Conj/Erth      49%        10d12     1%          8
 Maxwell's Capacitive Co  Air            48%        ∞         1%          8
 Passage of Golubria      Tloc           34%        N/A       4%          4
 Summon Ice Beast         Ice/Summ       34%        N/A       4%          4
 Death Channel            Necr           32%        N/A       4%          6
 Dragon Form              Tmut           38%        N/A       5%          7
 Manifold Assault         Tloc           34%        N/A       11%         5
 Summon Forest            Summ/Tloc      17%        N/A       11%         5
 Summon Mana Viper        Hex/Summ       34%        N/A       11%         5
 Fire Storm               Conj/Fire      46%        8d12      14%         9
 Simulacrum               Ice/Necr       26%        N/A       16%         6
 Summon Cactus Giant      Summ           17%        N/A       47%         6
 Ozocubu's Refrigeration  Ice            17%        4d11      56%         7
 Necromutation            Tmut/Necr      35%        N/A       65%         8
 Borgnjor's Revivificati  Necr           32%        N/A       88%         8
 Infestation              Necr           32%        N/A       88%         8
 Enfeeble                 Hex            17%        N/A       95%         7
 Malign Gateway           Summ/Tloc      17%        N/A       95%         7
 Discord                  Hex            17%        N/A       100%        8
 Death's Door             Necr           32%        N/A       100%        9


Dungeon Overview and Level Annotations

Branches:
Dungeon (15/15)            Temple (1/1) D:6            Lair (5/5) D:10
 Shoals (4/4) Lair:3       Spider (4/4) Lair:2        Slime (0/5) Lair:5
    Orc (2/2) D:9             Elf (3/3) Orc:2        Vaults (5/5) D:13
  Crypt (3/3) Vaults:3       Tomb (0/3) Crypt:3      Depths (4/4) D:15
    Zot (0/5) Depths:4      IceCv (visited)         Gauntlet (visited)

Altars:
Cheibriados
Dithmenos
Elyvilon
Fedhas
Gozag
Hepliaklqana
Kikubaaqudgha
Makhleb
Qazlal
Ru
Sif Muna
Vehumet
Wu Jian
Xom
Yredelemnul
Zin
Lugonu

Shops:
D:5 :   D:7 ([[[   D:8 *   D:15 [   Orc:2 *[(=   Elf:1 ?   Shoals:2 :
Vaults:3 [   Depths:1 ==:

Portals:
Hell: Depths:1 Depths:2 Depths:3 Depths:4
Abyss: Lair:5 Depths:1 Depths:3 Depths:4
Pandemonium: Depths:1 Depths:2 Depths:4
Ziggurat: Depths:4

Annotations:
D:3 exclusion: scorpion
D:14 Louise
D:15 2 transporters, Jaorgh's ghost, journeyman GnHu
Lair:5 1 exclusion
Elf:2 3 runed translucent doors, exclusion: door
Vaults:3 2 transporters
Vaults:4 2 transporters, exclusion: obsidian statue


Innate Abilities, Weirdness & Mutations

You have razor-sharp teeth.
Your natural rate of healing is unusually fast.
When hurt, damage is shared between your health and your magic reserves.
Your bite disrupts and absorbs the magic of your enemies.
Potions cannot restore your health.
You have a pair of small antennae on your head.
You are partially covered in iridescent scales. (AC +2)
Your system is resistant to poisons. (rPois)
You are robust. (+10% HP)


Message History

You hear a deafening roar!
Blink to where?
Press: ? - help, Dir - move target
As you read the scroll of blinking, it crumbles to dust.
Okay, then.
As you read the scroll of butterflies, it crumbles to dust.
You hear the tinkle of a tiny bell.
The vault sentinel barely misses your butterfly.
You swap places.
The vault sentinel blows a loud note on a signal horn!
You hear an angry hiss.
You hear a shout!
You swap places.
The vault sentinel misses your butterfly.
The vault sentinel hits your butterfly with a +0 long sword!!
Your butterfly dies!
Your butterfly disappears in a burst of colours!
A yaktaur captain comes into view.
As you read the scroll of teleportation, it crumbles to dust.
You feel strangely unstable.
The yaktaur captain shouts!
The yaktaur captain wields a +0 arbalest.
The yaktaur captain shoots a bolt.
The bolt misses you.
The vault sentinel hits your butterfly with a +0 long sword.
Your butterfly dies!
Your butterfly disappears in a burst of colours!
Okay, then.
Press: ? - help, v - describe, . - travel
Here: a yaktaur captain, wielding a +0 arbalest (unable to see you)
The floor.
The yaktaur captain shoots a bolt.
Okay, then.
Casting: Chain Lightning (dangerous; 8% risk of failure)
Confirm with . or Enter, or press ? or * to list all spells.
Okay, then.
The vault sentinel blows a loud note on a signal horn!
The yaktaur captain shoots a bolt.
The bolt hits you!
* * * LOW HITPOINT WARNING * * *
You swap places.
The lich touches something!
The yaktaur captain shoots a bolt.
The bolt barely misses your butterfly. The bolt hits you!!
You die...

#..# #..# #c.#
#..# #..# #..# .
#..# # #.b# ##.
#.@# #... #..#
....^ #..#
#....b#.b# #...bb#
#############Lpbb#
.............$.b.#
..L........L.....#
..C....).......b.#


You could see a lich (fast), a yaktaur captain (unable to see you) and a vault
sentinel (catching breath, ally target).

Vanquished Creatures
  A dread lich (Crypt:3)
  Khufu (Crypt:1)
  Mara (Vaults:2)
  Mennas (Vaults:3)
  A juggernaut (Depths:4)
  Josephina (Depths:4)
  Boris (Depths:3)
  Vv (Crypt:2)
  2 royal mummies (Crypt:2)
  Xtahua (Crypt:2)
  Bai Suzhen (Vaults:4)
  Frederick (Vaults:4)
  2 curse toes (Crypt:3)
  4 caustic shrikes (Depths:4)
  Jory (Crypt:3)
  Arachne (Spider:2)
  A shard shrike zombie (Crypt:3)
  The ghost of Jano the End of an Era, an adept DsFi of Qazlal (Vaults:3)
  Zenata (Crypt:2)
  The ghost of Wyasic the Imperceptible, a veteran SpEn of Dithmenos (Vaults:3)
  3 tentacled monstrosities
  2 liches
  2 deep elf blademasters (Elf:3)
  A titan (Vaults:3)
  A kraken (Shoals:4)
  4 deep elf master archers (Elf:3)
  10 ancient champions
  8 sphinxes
  Frances (D:12)
  5 tengu reavers
  An azure jelly (IceCv)
  4 shadow dragons
  Roxanne (Spider:2)
  A draconian scorcher (Depths:4)
  4 fire giants
  A draconian monk (Depths:4)
  A storm dragon (Vaults:5)
  The ghost of Plog the Eviscerator, an adept FeBe of Trog (Vaults:1)
  2 revenants (Crypt:3)
  7 emperor scorpions
  2 ghost moths
  Aizul (Spider:4)
  7 frost giants
  9 deep elf sorcerers
  2 caustic shrike zombies (Crypt:3)
  10 vault wardens
  3 ghouls
  3 curse skulls
  4 orc warlords
  3 reapers
  3 deep elf elementalists (Elf:3)
  3 war gargoyles
  10 ironbound preservers
  5 ironbound thunderhulks
  4 quicksilver oozes (IceCv)
  11 stone giants
  26 very ugly things
  6 deep elf demonologists (Elf:3)
  A green draconian (Depths:4)
  12 vampire knights
  2 white draconians (Depths:4)
  5 deep elf annihilators
  A minotaur (Gauntlet)
  A bunyip (shapeshifter) (Lair:5)
  7 dire elephants
  23 spark wasps
  8 deep elf death magi
  6 entropy weavers
  A purple draconian (Depths:4)
  A red draconian (Depths:4)
  A blizzard demon (Depths:1)
  5 ettins
  7 eidola
  A green death (Depths:2)
  11 fire dragons
  A crystal guardian (Vaults:2)
  2 merfolk javelineers (Shoals:4)
  14 jiangshi
  12 merfolk impalers
  A quicksilver dragon zombie (Crypt:2)
  8 yaktaur captains
  4 deep elf high priests (Elf:3)
  A spriggan air mage (Depths:4)
  12 great orbs of eyes
  31 vault guards
  9 ice dragons
  6 rakshasas
  A quicksilver dragon skeleton (Crypt:3)
  9 hydras
  A jorogumo (Spider:3)
  4 peacekeepers
  10 ironbound frosthearts
  A catoblepas (Lair:3)
  9 two-headed ogres
  5 merfolk avatars
  An alligator snapping turtle (Shoals:4)
  Erica (D:10)
  15 boulder beetles
  3 merfolk aquamancers
  3 radroaches
  9 centaur warriors
  19 dancing weapons
  11 deep troll shamans
  A satyr (shapeshifter) (D:13)
  A satyr (Shoals:3)
  2 death knights
  14 death yaks
  10 spriggan berserkers
  3 tengu warriors
  7 vampire magi
  4 thrashing horrors (Lair:5)
  7 deep troll earth magi
  3 orc high priests
  A spriggan (Depths:3)
  A soul eater (Crypt:3)
  A sun demon (Depths:3)
  Nergalle (Lair:2)
  12 deep elf knights
  11 hell knights
  14 iron trolls
  11 pharaoh ants
  3 shadow wraiths (Crypt:3)
  A sixfirhy (Depths:2)
  7 skeletal warriors
  10 sea snakes
  51 deep trolls
  3 orb spiders
  9 steelbarb worms
  2 bog bodies (Crypt:2)
  5 glowing orange brains
  13 wizards
  2 spriggan simulacra (Depths:4)
  10 flayed ghosts
  12 deep elf archers
  6 lindwurms
  27 deep elf pyromancers
  23 deep elf zephyrmancers
  3 orange crystal statues
  10 ironbound convokers
  2 anaconda skeletons (Crypt:1)
  16 orc knights
  2 harpies (shapeshifter) (D:15)
  10 phantasmal warriors
  8 necromancers
  20 fauns
  15 wolf spiders
  8 harpies
  8 cyclopes
  34 ugly things
  2 stone giant zombies (Crypt:1)
  3 moths of wrath
  5 orc sorcerers
  A salamander (Depths:3)
  13 manticores
  6 black mambas
  Maurice (D:13)
  8 elephants
  2 rust devils (Depths:2)
  10 apocalypse crabs (Depths:2)
  4 water nymphs
  A dire elephant zombie (Crypt:1)
  A spectral iron troll (Crypt:1)
  10 vault sentinels
  10 merfolk sirens
  6 torpor snails
  16 eyes of devastation (Depths:3)
  An orange demon (Depths:2)
  10 cane toads
  3 unseen horrors
  A death yak zombie (Crypt:1)
  3 smoke demons
  A gargoyle (D:13)
  An elephant slug zombie (Crypt:2)
  16 demonic crawlers
  5 komodo dragons
  Maggie (D:7)
  16 yaktaurs
  4 rime drakes
  A kobold demonologist (D:9)
  An efreet (D:14)
  3 tengu conjurers
  A yaktaur (shapeshifter) (Depths:1)
  A minotaur skeleton (Crypt:3)
  3 ancient zymes (Lair:5)
  2 spectral deep trolls (Crypt:1)
  3 freezing wraiths
  A sea snake zombie (Crypt:1)
  A hellwing (Depths:2)
  4 guardian mummies (Crypt:3)
  4 meliai (Spider:4)
  3 hornets
  8 wind drakes
  4 trolls
  A harpy skeleton (Crypt:1)
  19 merfolk
  A tengu simulacrum (Depths:4)
  A polar bear (Lair:4)
  An iron troll skeleton (Crypt:2)
  16 tarantellas
  A slime creature (shapeshifter) (Elf:3)
  Prince Ribbit (D:5)
  A tyrant leech (shapeshifter) (Lair:5)
  15 blink frogs
  29 slime creatures
  A dream sheep (shapeshifter) (Vaults:1)
  2 iron dragon simulacra (Depths:4)
  6 dream sheep (Lair:3)
  8 snapping turtles
  A hydra skeleton (Crypt:1)
  16 jumping spiders
  12 flying skulls (Crypt:1)
  A shadow (D:9)
  2 air elementals
  3 fire bats (Depths:3)
  13 water elementals
  3 wyverns
  A dire elephant simulacrum (Crypt:3)
  44 yaks
  An alligator skeleton (Crypt:2)
  3 ynoxinuls
  3 vampires
  12 culicivoras
  A fire elemental (Elf:1)
  3 golden eyes (Depths:3)
  9 wraiths
  4 chaos spawn
  Grum (D:10)
  56 redbacks
  17 vampire mosquitoes
  A redback (shapeshifter) (Vaults:1)
  A neqoxec (Gauntlet)
  2 steam dragons
  14 basilisks
  6 wargs
  A glowing shapeshifter zombie (Crypt:3)
  A floating eye (Depths:3)
  14 water moccasins
  A merfolk skeleton (Crypt:1)
  5 black bears
  23 orc warriors
  2 ice beasts
  2 sky beasts (D:6)
  8 small abominations (Lair:5)
  5 boggarts (D:15)
  A golden eye zombie (Crypt:3)
  4 ogres
  A great orb of eyes simulacrum (IceCv)
  11 centaurs
  30 wolves
  3 kobold brigands
  A lindwurm skeleton (Crypt:2)
  8 slime creature simulacra (IceCv)
  A rime drake skeleton (Crypt:3)
  14 bullfrogs
  2 scorpions
  2 glowing shapeshifter simulacra (IceCv)
  6 necrophages
  An earth elemental (Elf:1)
  2 wyvern zombies (Crypt:2)
  A wyvern skeleton (Crypt:2)
  4 wights (D:8)
  A shapeshifter zombie (Crypt:1)
  5 electric eels
  11 howler monkeys
  2 vampire bats (D:13)
  A black bear zombie (Crypt:3)
  A jelly (D:6)
  17 orc priests
  2 gnoll boudas
  3 hounds
  A basilisk skeleton (Crypt:1)
  4 iguanas
  21 orc wizards
  An ogre skeleton (Crypt:2)
  A tengu skeleton (Crypt:2)
  A mummy (Crypt:2)
  A hound zombie (Crypt:3)
  6 gnolls
  7 adders
  2 shadow imps
  4 ufetubi
  A worm zombie (Crypt:3)
  An iguana zombie (Crypt:1)
  A lava snake skeleton (Crypt:3)
  A worm (D:2)
  4 dart slugs
  54 orcs
  2 bat skeletons (D:13)
  4 bat zombies (D:13)
  12 endoplasms
  A giant cockroach (D:1)
  10 goblins
  11 hobgoblins
  28 kobolds
  6 quokkas
  11 ball pythons
  6 bats
  2 frilled lizards
  4 rats
  A fire vortex (Depths:3)
  4 tentacles (Shoals:4)
1861 creatures vanquished.

Vanquished Creatures (collateral kills)
  A very ugly thing (Depths:3)
  An ugly thing (Vaults:2)
2 creatures vanquished.

Vanquished Creatures (others)
  2 bushes (D:10)
  9 foxfires (D:1)
  60 fungi
  93 plants
  2 tentacles (Shoals:4)
166 creatures vanquished.

Grand Total: 2029 creatures vanquished

Notes
Turn   | Place    | Note
-------+----------+-------------------------------------------
     0 | D:1      | Ajdolov the Vine Stalker Fire Elementalist began the quest
                  | for the Orb.
     0 | D:1      | Reached XP level 1. HP: 9/9 MP: 4/4
   108 | D:1      | Reached XP level 2. HP: 13/13 MP: 6/6
   148 | D:1      | Found a faded altar of an unknown god.
   325 | D:1      | Learned a level 2 spell: Scorch
   445 | D:1      | Reached skill level 3 in Spellcasting
   505 | D:1      | Reached XP level 3. HP: 9/16 MP: 6/8
  1789 | D:2      | Gained mutation: Your natural rate of healing is unusually
                  | fast. [Vine Stalker growth]
  1789 | D:2      | Reached XP level 4. HP: 17/21 MP: 7/10
  2462 | D:3      | Reached skill level 4 in Spellcasting
  2614 | D:3      | Noticed a scorpion
  3451 | D:3      | Identified a scroll of acquirement
  3558 | D:4      | Reached XP level 5. HP: 18/24 MP: 3/12
  4205 | D:4      | Reached skill level 5 in Spellcasting
  4205 | D:4      | Reached XP level 6. HP: 27/28 MP: 2/14
  4996 | D:5      | Entered Level 5 of the Dungeon
  5205 | D:5      | Reached skill level 6 in Spellcasting
  5300 | D:5      | Reached XP level 7. HP: 32/32 MP: 10/17
  5508 | D:5      | Identified the +4 long sword "Haempa Pirugh" {venom, rF+}
  5543 | D:5      | Reached skill level 5 in Fire Magic
  5672 | D:5      | Found Mekyirchu's Book Shop.
  5928 | D:5      | Noticed Prince Ribbit
  5934 | D:5      | Killed Prince Ribbit
  5935 | D:5      | Reached skill level 7 in Spellcasting
  6118 | D:6      | Gained mutation: You have razor-sharp teeth. [Vine Stalker
                  | growth]
  6118 | D:6      | Reached XP level 8. HP: 36/36 MP: 12/19
  6673 | D:6      | Reached skill level 5 in Conjurations
  6764 | D:6      | Found a staircase to the Ecumenical Temple.
  6773 | Temple   | Entered the Ecumenical Temple
  6986 | Temple   | Became a worshipper of Vehumet
  7493 | D:7      | Found Husirole's Antique Armour Shop.
  7534 | D:6      | Reached skill level 8 in Spellcasting
  7684 | D:7      | Bought a pair of ancient boots for 285 gold pieces
  7684 | D:7      | Identified the +2 pair of boots "Qirghicly" {rN+ Will+
                  | rCorr Str-3} (You bought it in a shop on level 7 of the
                  | Dungeon)
  7716 | D:7      | Reached XP level 9. HP: 39/39 MP: 2/22
  8009 | D:7      | Found Oboghu's Antique Armour Boutique.
  8112 | D:7      | Found Astod's Weapon Shop.
  8308 | D:7      | Noticed Maggie
  8345 | D:7      | Killed Maggie
  8549 | D:7      | Found Odghacode's Armour Emporium.
  8612 | D:7      | Learned a level 4 spell: Flame Wave
  8767 | D:8      | Reached skill level 9 in Spellcasting
  9483 | D:8      | Reached * piety under Vehumet
  9483 | D:8      | Offered knowledge of Freeze by Vehumet.
  9493 | D:8      | Reached XP level 10. HP: 40/44 MP: 9/24
  9598 | D:8      | Found Jysch's Overcharged Wands.
  9934 | D:9      | Killed an unseen horror
  9935 | D:9      | Reached skill level 10 in Fire Magic
 10113 | D:9      | Reached skill level 10 in Spellcasting
 10202 | D:9      | Noticed a two-headed ogre
 10453 | D:9      | Found a staircase to the Orcish Mines.
 10456 | D:9      | Noticed a two-headed ogre
 10468 | D:9      | Killed a two-headed ogre
 10555 | D:9      | Noticed a kobold demonologist
 10560 | D:9      | Noticed a sun demon
 10563 | D:9      | Killed a kobold demonologist
 10729 | D:9      | Found a hazy altar of Hepliaklqana.
 10989 | D:9      | Killed a two-headed ogre
 11336 | D:10     | Entered Level 10 of the Dungeon
 11344 | D:10     | Noticed a two-headed ogre
 11355 | D:10     | Killed a two-headed ogre
 11356 | D:10     | Reached XP level 11. HP: 47/47 MP: 24/26
 11388 | D:10     | Noticed a two-headed ogre
 11420 | D:10     | Killed a two-headed ogre
 11421 | D:10     | Reached skill level 11 in Spellcasting
 11490 | D:10     | Found a white marble altar of Elyvilon.
 11513 | D:10     | Offered knowledge of Magic Dart by Vehumet.
 11600 | D:10     | Reached ** piety under Vehumet
 11987 | D:10     | Noticed Erica
 12002 | D:10     | Noticed Grum
 12206 | D:10     | Killed Grum
 12337 | D:10     | Reached skill level 10 in Conjurations
 12360 | D:10     | Reached skill level 12 in Spellcasting
 12377 | D:10     | Offered knowledge of Searing Ray by Vehumet.
 12386 | D:10     | Killed Erica
 12499 | D:10     | Found a staircase to the Lair.
 12715 | D:10     | Reached skill level 13 in Spellcasting
 12891 | D:10     | Found a transporter.
 13134 | D:5      | Bought a book of Alchemy for 392 gold pieces
 13140 | D:5      | Learned a level 5 spell: Irradiate
 13308 | D:11     | Noticed a manticore
 13355 | D:11     | Noticed an orc knight
 13475 | D:11     | Noticed a white ugly thing
 13504 | Lair:1   | Entered Level 1 of the Lair of Beasts
 13558 | Lair:1   | Reached skill level 1 in Transmutations
 13697 | Lair:1   | Reached XP level 12. HP: 51/51 MP: 20/30
 14491 | Lair:1   | Noticed a five-headed hydra
 14515 | Lair:1   | Killed a five-headed hydra
 14516 | Lair:1   | Reached skill level 5 in Transmutations
 14674 | Lair:1   | Reached *** piety under Vehumet
 15219 | Lair:2   | Reached skill level 1 in Fighting
 15269 | Lair:2   | Reached skill level 1 in Short Blades
 15563 | Lair:2   | Found a hole to the Spider Nest.
 15614 | Lair:2   | Noticed a five-headed hydra
 15624 | Lair:2   | Killed a five-headed hydra
 15803 | Lair:2   | Offered knowledge of Hailstorm by Vehumet.
 15889 | Lair:2   | Noticed a death yak
 15889 | Lair:2   | Noticed a death yak
 15889 | Lair:2   | Noticed a death yak
 15903 | Lair:2   | Noticed a death yak
 15903 | Lair:2   | Noticed a death yak
 15906 | Lair:1   | Killed a death yak
 15997 | Lair:2   | Noticed a death yak
 16011 | Lair:1   | Killed a death yak
 16012 | Lair:1   | Reached skill level 5 in Fighting
 16107 | Lair:1   | Killed a death yak
 16208 | Lair:1   | Killed a death yak
 16290 | Lair:2   | Killed a death yak
 16291 | Lair:2   | Reached XP level 13. HP: 53/65 MP: 12/31
 16301 | Lair:2   | Gained mutation: Your magical capacity is low. (-10% MP)
                  | [mutagenic glow]
 16784 | Lair:2   | Noticed Nergalle
 16792 | Lair:2   | Killed Nergalle
 17122 | Lair:2   | Lost mutation: Your magical capacity is low. (-10% MP)
                  | [potion of mutation]
 17122 | Lair:2   | Gained mutation: You are robust. (+10% HP) [potion of
                  | mutation]
 17122 | Lair:2   | Gained mutation: You have hidden genetic potential. [potion
                  | of mutation]
 17122 | Lair:2   | Gained mutation: Your system is resistant to poisons.
                  | (rPois) [potion of mutation]
 17297 | Lair:3   | Found a staircase to the Shoals.
 17860 | Lair:3   | Reached **** piety under Vehumet
 17863 | Lair:3   | Reached skill level 5 in Short Blades
 18242 | Lair:3   | Offered knowledge of Stone Arrow by Vehumet.
 18551 | Lair:3   | Learned a level 3 spell: Stone Arrow
 21503 | Lair:4   | Acquired a book of Storms
 21510 | Lair:4   | Learned a level 4 spell: Airstrike
 21511 | Lair:5   | Entered Level 5 of the Lair of Beasts
 21577 | Lair:5   | Reached XP level 14. HP: 83/83 MP: 18/32
 21779 | Lair:5   | Reached skill level 10 in Fighting
 21943 | Lair:5   | Reached skill level 1 in Air Magic
 21943 | Lair:5   | Reached skill level 1 in Earth Magic
 22302 | Lair:5   | Identified the +0 leather armour "Fiunos" {rElec Str+6}
 22662 | Lair:5   | Reached skill level 10 in Transmutations
 22698 | Lair:5   | Got the Guidebook on the Coals and Jinxing
 22772 | Lair:5   | Found a staircase to the Slime Pits.
 23385 | Lair:5   | Reached ***** piety under Vehumet
 23394 | Lair:5   | Offered knowledge of Yara's Violent Unravelling by Vehumet.
 23644 | Lair:5   | Learned a level 5 spell: Yara's Violent Unravelling
 24273 | Lair:5   | Got Sif Muna's Parchment of Macabre Shaping
 24554 | Lair:5   | Reached skill level 5 in Air Magic
 24879 | Lair:5   | Found a corrupted altar of Lugonu.
 24879 | Lair:5   | Found a one-way gate to the infinite horrors of the Abyss.
 24884 | Lair:5   | Got the Omnibus of Vile Venom
 25120 | Orc:1    | Entered Level 1 of the Orcish Mines
 25285 | Orc:2    | Entered Level 2 of the Orcish Mines
 25293 | Orc:2    | Noticed an orc warlord
 26626 | D:12     | Reached XP level 15. HP: 86/88 MP: 17/33
 27096 | D:12     | Noticed Frances
 27120 | D:12     | Killed Frances
 27121 | D:12     | Reached skill level 5 in Dodging
 27121 | D:12     | Reached skill level 1 in Evocations
 27122 | D:12     | Gained mutation: You have a pair of small antennae on your
                  | head. [hidden potential]
 27815 | D:13     | Noticed Maurice
 27816 | D:13     | Found a gate leading to a gauntlet.
 27820 | D:13     | Killed Maurice
 27829 | Gauntlet | Entered a Gauntlet
 27829 | Gauntlet | Found a transporter.
 27829 | Gauntlet | Found a transporter.
 27829 | Gauntlet | Found a transporter.
 27830 | Gauntlet | Found a transporter.
 27834 | Gauntlet | Found a transporter.
 27836 | Gauntlet | Found a transporter.
 27838 | Gauntlet | Found a runed translucent door.
 27838 | Gauntlet | Found a runed translucent door.
 27842 | Gauntlet | Found a transporter.
 27843 | Gauntlet | Found a transporter.
 27844 | Gauntlet | Found a transporter.
 27845 | Gauntlet | Found a transporter.
 27847 | Gauntlet | Noticed a cacodemon
 27853 | Gauntlet | Found a transporter.
 27853 | Gauntlet | Found a transporter.
 28108 | Gauntlet | Offered knowledge of Sticky Flame by Vehumet.
 28118 | Gauntlet | Identified the +1 hat "Adiugas" {Rampage rCorr}
 29022 | D:13     | Found a gate to the Vaults.
 29410 | D:13     | Found an ancient bone altar of Kikubaaqudgha.
 29638 | Orc:1    | Killed an orc warlord
 30123 | Orc:2    | Found Mennuesk's Antique Armour Emporium.
 30364 | Orc:2    | Found a staircase to the Elven Halls.
 30548 | Orc:2    | Found Emex Ru Tike's General Store.
 31135 | Orc:2    | Found Xeoden's Antique Weapon Boutique.
 31214 | Orc:2    | Bought a scroll of teleportation for 42 gold pieces
 31214 | Orc:2    | Bought a scroll of teleportation for 42 gold pieces
 31309 | Orc:2    | Offered knowledge of Fireball by Vehumet.
 31724 | Orc:2    | Found Kikog's Jewellery Emporium.
 31772 | Orc:2    | Bought an amulet of magic regeneration for 450 gold pieces
 32593 | D:14     | Learned a level 5 spell: Fireball
 32881 | D:14     | Noticed Louise
 33006 | D:14     | Reached skill level 5 in Evocations
 33254 | D:14     | Reached XP level 16. HP: 56/93 MP: 8/34
 33515 | D:14     | Gained mutation: You are partially covered in iridescent
                  | scales. (AC +2) [hidden potential]
 33515 | D:14     | Lost mutation: You have hidden genetic potential. [hidden
                  | potential expressed]
 33721 | D:15     | Entered Level 15 of the Dungeon
 33724 | D:15     | Found a transporter.
 33725 | D:15     | Found a transporter.
 33725 | D:15     | Noticed Jaorgh's ghost (journeyman GnHu)
 34349 | D:15     | Found Ero Aph's Antique Armour Emporium.
 34557 | D:15     | Found a staircase to the Depths.
 34766 | D:11     | Noticed a storm dragon
 34875 | Shoals:1 | Entered Level 1 of the Shoals
 35625 | Shoals:2 | Found Jum Onajy's Self-Improvement Boutique.
 36192 | Shoals:2 | Offered knowledge of Eringya's Noxious Bog by Vehumet.
 36691 | Shoals:3 | Learned a level 6 spell: Eringya's Noxious Bog
 36901 | Shoals:3 | Found a frozen archway.
 36942 | IceCv    | Entered an ice cave
 37377 | IceCv    | Identified the ring of Masun {rPois rF+ Str+6 Int-3}
 37974 | IceCv    | Noticed an azure jelly
 37978 | IceCv    | Noticed an azure jelly
 37979 | IceCv    | Noticed a rockslime
 37979 | IceCv    | Noticed an azure jelly
 37982 | IceCv    | Killed an azure jelly
 37994 | IceCv    | Found a viscous altar of Jiyva.
 38000 | IceCv    | Identified the amulet "Cuceodgh" {Spirit Str+2}
 38003 | IceCv    | Identified the +3 robe "Japagao" {rC++ Dex+2}
 38007 | IceCv    | Identified the +1 leather armour "Xaitud" {rPois}
 38158 | Shoals:3 | Reached XP level 17. HP: 82/97 MP: 8/35
 38377 | Shoals:3 | Offered knowledge of Orb of Destruction by Vehumet.
 38386 | Shoals:3 | Learned a level 7 spell: Orb of Destruction
 38775 | Spider:1 | Entered Level 1 of the Spider Nest
 40285 | Spider:2 | Identified Roxanne's Papyrus of the Mountains
 40285 | Spider:2 | Noticed Roxanne
 40340 | Spider:2 | Killed Roxanne
 40390 | Spider:2 | Noticed Arachne
 40660 | Spider:2 | Reached skill level 14 in Spellcasting
 40779 | Spider:2 | Offered knowledge of Iskenderun's Battlesphere by Vehumet.
 40955 | Spider:2 | Killed Arachne
 40956 | Spider:2 | Reached skill level 1 in Poison Magic
 41586 | Spider:3 | Reached ****** piety under Vehumet
 41709 | Spider:3 | Reached skill level 5 in Poison Magic
 42001 | Spider:3 | Reached skill level 15 in Spellcasting
 42220 | Spider:3 | Reached XP level 18. HP: 102/102 MP: 32/38
 42417 | Spider:4 | Entered Level 4 of the Spider Nest
 43193 | Spider:4 | Noticed Aizul
 43491 | Spider:4 | Reached skill level 16 in Spellcasting
 43638 | Spider:4 | Killed Aizul
 44256 | Spider:4 | Offered knowledge of Starburst by Vehumet.
 44264 | Spider:4 | Learned a level 6 spell: Starburst
 44326 | Spider:4 | Got a gossamer rune of Zot
 44893 | Shoals:4 | Entered Level 4 of the Shoals
 45227 | Shoals:4 | Identified the +8 triple crossbow of the Enchanting Goat
                  | {freeze, rElec Int+8 Dex-3 Stlth-}
 46153 | Shoals:4 | Got a barnacled rune of Zot
 46277 | Shoals:4 | Learned a level 5 spell: Borgnjor's Vile Clutch
 46575 | Vaults:1 | Entered Level 1 of the Vaults
 46612 | Vaults:1 | Reached skill level 1 in Necromancy
 46708 | Vaults:1 | Reached XP level 19. HP: 59/115 MP: 15/40
 46996 | Vaults:1 | Noticed Plog's ghost (adept FeBe)
 46998 | Vaults:1 | Found a transporter.
 47002 | Vaults:1 | Found a transporter.
 47345 | Vaults:1 | Reached skill level 5 in Necromancy
 48277 | Vaults:2 | Offered knowledge of Shatter by Vehumet.
 48277 | Vaults:2 | Offered knowledge of Chain Lightning by Vehumet.
 48277 | Vaults:2 | Offered knowledge of Ignition by Vehumet.
 48532 | Vaults:2 | Reached skill level 5 in Earth Magic
 49060 | Vaults:2 | Noticed Mara
 49070 | Vaults:2 | Noticed Ajdolov's illusion
 50182 | D:5      | Bought an Everburning Encyclopedia for 364 gold pieces
 50187 | D:5      | Learned a level 3 spell: Ignite Poison
 50699 | Vaults:2 | Reached XP level 20. HP: 123/123 MP: 29/41
 51201 | Vaults:2 | Killed Mara
 51635 | Vaults:3 | Identified the +5 tower shield "Micec" {rF+ rC- Will+}
 51635 | Vaults:3 | Noticed Mennas
 52172 | Vaults:3 | Identified the +1 chain mail of Xolif {rC++ Will+++ Str-2
                  | Stlth-}
 52215 | Vaults:3 | Reached skill level 15 in Fighting
 52264 | Vaults:3 | Found a staircase to the Crypt.
 52373 | Vaults:3 | Found a transporter.
 52972 | Vaults:3 | Found Zaukibap's Antique Armour Shop.
 53040 | Vaults:3 | Found a transporter.
 53051 | Vaults:3 | Noticed Jano's ghost (adept DsFi)
 53051 | Vaults:3 | Noticed Wyasic's ghost (veteran SpEn)
 53212 | Vaults:3 | Reached skill level 10 in Earth Magic
 54653 | Vaults:4 | Noticed Bai Suzhen
 54715 | Vaults:4 | Killed Bai Suzhen
 55217 | Vaults:3 | Killed Mennas
 55332 | Vaults:4 | Noticed Frederick
 55358 | Vaults:4 | Killed Frederick
 55582 | Vaults:4 | Identified the +0 robe of Zeaveowi {rElec rCorr MP+9 SInv}
 55678 | Vaults:4 | Found a transporter.
 55692 | Vaults:4 | Found a transporter.
 56410 | Depths:1 | Entered Level 1 of the Depths
 56648 | Depths:1 | Reached XP level 21. HP: 79/128 MP: 28/42
 56981 | Depths:1 | Found a one-way gate leading to the halls of Pandemonium.
 57159 | Depths:1 | Found a gateway to Hell.
 57249 | Depths:1 | Reached skill level 15 in Earth Magic
 57325 | Depths:1 | Got the Handbook of Beguiling
 57413 | Depths:1 | Found Qolumolu's Book Boutique.
 57413 | Depths:1 | Found Cilac's Jewellery Emporium.
 57414 | Depths:1 | Found Takh's Jewellery Emporium.
 57422 | Depths:1 | Bought a ring of wizardry for 510 gold pieces
 57439 | Depths:1 | Learned a level 8 spell: Ignition
 58337 | Depths:2 | Found a portal to a secret trove of treasure.
 59094 | Depths:2 | You paid a toll of +3 storm dragon scales to enter a
                  | treasure trove
 59095 | Trove    | Entered a treasure trove
 59112 | Trove    | Found the +10 morningstar "Eos" {elec, Halo rElec}
 59113 | Trove    | Got the Vellum of the Compass and the Boulder
 59117 | Trove    | Got the Almanac of Captivating Orientation
 59152 | Trove    | Got the Disquisition on the Lithosphere and Filth
 59155 | Trove    | Got the Anthology of the Wayfarer and the Arsonist
 59158 | Trove    | Got the Almanac of the Frigorific Commander
 59161 | Trove    | Got the Anthology of Reformation
 59164 | Trove    | Got Eringya's Octavo of Shifting Pestilence
 59169 | Trove    | Identified the +5 quick blade of the Furious {freeze,
                  | +Blink rCorr}
 61223 | Depths:3 | Noticed Boris
 61292 | Depths:2 | Upgraded the game from 0.29-a0-1014-ga8c0faee3b to
                  | 0.29-a0-1018-g6b6670bd90
 61501 | Depths:3 | Found a blossoming altar of Fedhas.
 61585 | Depths:3 | Killed Boris
 61586 | Depths:3 | Reached XP level 22. HP: 114/134 MP: 15/43
 61901 | Depths:3 | Identified the +5 falchion of Patterns {distort, *Slow
                  | rElec rPois Will++}
 62359 | Depths:3 | Reached skill level 17 in Spellcasting
 62821 | Depths:4 | Entered Level 4 of the Depths
 62826 | Depths:4 | Found a one-way gateway to a ziggurat.
 63585 | Depths:4 | Reached skill level 18 in Spellcasting
 63596 | Depths:4 | Learned a level 9 spell: Shatter
 64455 | Vaults:1 | Killed Plog's ghost
 64866 | Vaults:3 | Killed Wyasic's ghost
 65469 | Vaults:3 | Killed Jano's ghost
 65819 | Depths:1 | Identified the +5 shortbow of Contention {freeze, rPois rC+
                  | Will-}
 66001 | Depths:3 | Reached skill level 19 in Spellcasting
 66320 | Depths:3 | Identified the +2 demon trident of the Wraith {venom, rPois
                  | Stlth+}
 66554 | Depths:4 | Noticed a caustic shrike
 66556 | Depths:4 | Noticed a caustic shrike
 66558 | Depths:4 | Identified the ring of Eduqia {Ice rElec rN+ Dex-5}
 66558 | Depths:4 | Noticed Josephina
 66562 | Depths:4 | Killed a caustic shrike
 66562 | Depths:4 | Noticed a caustic shrike
 66564 | Depths:4 | Noticed a caustic shrike
 66565 | Depths:4 | Killed a caustic shrike
 66570 | Depths:4 | Killed a caustic shrike
 66571 | Depths:4 | Killed Josephina
 66571 | Depths:4 | Killed a caustic shrike
 66572 | Depths:4 | Reached skill level 20 in Spellcasting
 66572 | Depths:4 | Reached XP level 23. HP: 138/138 MP: 9/48
 66930 | Depths:4 | Identified the +1 leather armour of Duck's Teeth {rN+ rCorr
                  | SInv}
 67069 | Depths:4 | Noticed a juggernaut
 67070 | Depths:4 | Reached skill level 10 in Air Magic
 67076 | Depths:4 | Killed a juggernaut
 67722 | Depths:4 | Reached skill level 21 in Spellcasting
 67842 | Depths:4 | Found a gate to the Realm of Zot.
 68332 | Elf:1    | Entered Level 1 of the Elven Halls
 68737 | Elf:1    | Found Optes's Magic Scroll Shop.
 68768 | Elf:1    | Bought a scroll of magic mapping for 105 gold pieces
 68768 | Elf:1    | Bought a scroll of butterflies for 56 gold pieces
 68768 | Elf:1    | Bought a scroll of butterflies for 56 gold pieces
 69739 | Elf:2    | Found a runed translucent gate.
 69740 | Elf:2    | Found a runed translucent gate.
 69740 | Elf:2    | Found a runed translucent gate.
 70231 | Elf:3    | Entered Level 3 of the Elven Halls
 71364 | Elf:3    | Reached skill level 22 in Spellcasting
 71518 | Elf:3    | Reached XP level 24. HP: 95/144 MP: 20/50
 71872 | Elf:3    | Identified the ring "Azoit" {Fly Will+ Int-4 Stlth+}
 71873 | Elf:3    | Found the +2 shield of Resistance {rF++ rC++ Will++}
 71910 | Elf:3    | Found the +3 pair of mountain boots {steadfast, rC+}
 71916 | Elf:3    | Got the Excursus on Gusts and Ignition
 71917 | Elf:3    | Identified the +2 short sword of Prudence {vorpal, MP+9
                  | Str+4 Int+4}
 71932 | Elf:3    | Got Ulanitz's Compilation of Transforming Firn
 72436 | Depths:1 | Bought a ring of see invisible for 255 gold pieces
 72783 | Crypt:1  | Entered Level 1 of the Crypt
 73257 | Crypt:1  | Reached skill level 15 in Conjurations
 73267 | Crypt:1  | Learned a level 9 spell: Chain Lightning
 74078 | Crypt:2  | Noticed a royal mummy
 74079 | Crypt:2  | Reached skill level 15 in Air Magic
 74079 | Crypt:2  | Noticed a royal mummy
 74081 | Crypt:2  | Killed a royal mummy
 74082 | Crypt:2  | Noticed Khufu
 74083 | Crypt:2  | Noticed Zenata
 74084 | Crypt:2  | Killed a royal mummy
 74184 | Crypt:2  | Noticed Vv
 74296 | Crypt:1  | Killed Khufu
 74355 | Crypt:2  | Killed Zenata
 74356 | Crypt:2  | Killed Vv
 74703 | Crypt:2  | Noticed Xtahua
 75153 | Crypt:2  | Killed Xtahua
 75560 | Crypt:3  | Entered Level 3 of the Crypt
 76040 | Crypt:3  | Noticed a dread lich
 76073 | Crypt:3  | Killed a dread lich
 76195 | Crypt:3  | Found a staircase to the Tomb.
 76489 | Crypt:3  | Reached XP level 25. HP: 128/148 MP: 11/50
 76724 | Crypt:3  | Noticed Jory
 76733 | Crypt:3  | Killed Jory
 77272 | Crypt:3  | Found a basalt altar of Yredelemnul.
 77344 | Crypt:3  | Found an ancient bone altar of Kikubaaqudgha.
 77697 | Vaults:5 | Entered Level 5 of the Vaults
 77732 | Vaults:5 | HP: 7/148 [fire giant/fireball (21)]
 77740 | Vaults:5 | HP: 6/148 [yaktaur captain/bolt (10)]
 77741 | Vaults:5 | Shot with a bolt by a yaktaur captain

Illustrated notes

Levels and vault maps discovered:
D:1:      psy_arrival_whirlpool, layout_loops_ring,
          chequers_ecumenical_altar_simple, minmay_octomino_c4
D:2:      layout_basic
D:3:      layout_loops_ring, dreamdust_wishing_well
D:4:      minmay_chambers_of_threes, layout_loops_corners, serial_bayou_crossing
D:5:      layout_loops_cross, nicolae_inconvenience_store,
          minmay_strange_pillars, uniq_prince_ribbit1
D:6:      layout_gridville, minmay_temple_entry_gardened_gates
D:7:      layout_rooms, serial_shops, nicolae_shop_waterfront,
          nicolae_shop_overgrown_old_shop, shop, nicolae_shop_waterfront,
          grunt_ministairs_7, uniq_maggie
D:8:      layout_basic, st_stairs_14, nicolae_shop_overcharged_wands
D:9:      layout_roguey, mainiacjoe_overflow_alcove_4, orc_0_dummy
D:10:     layout_roguey, elyvilon_altar_3, minmay_lair_entry_grove,
          nicolae_diode_basic, uniq_erica, uniq_grum
D:11:     layout_basic, wad_dig_loot
D:12:     layout_roguey, uniq_frances
D:13:     layout_roguey, david_vaults_1, gauntlet_entry_generic,
          minmay_variable_closet, kennysheep_vampire_church, uniq_maurice
D:14:     layout_grid_maze, kennysheep_minor_cross, drop_trap,
          minmay_three_doors, uniq_louise
D:15:     grunt_enter_depths_hoard, layout_irregular_city,
          gammafunk_ghost_arena, nicolae_water_bricks, serial_shops, shop
Temple:   mainiacjoe_temple_big_plus
Lair:1:   layout_chaotic_city
Lair:2:   layout_hall_layers, spider_nest_entry_web_field, uniq_nergalle
Lair:3:   layout_cave_pods, elwin_shoals_entry_rocks, lemuel_fruit_tree
Lair:4:   layout_cave_pods, serial_bayou_shore_a
Lair:5:   hellmonk_lair_end_abyssal_woods, layout_misc_corridors, slime_entry_1
Shoals:1: layout_shoals, nicolae_shoals_lost_giant_hut
Shoals:2: layout_shoals, nicolae_shop_self_help
Shoals:3: layout_shoals, portal_ice_cave_entry_pillars_2,
          nicolae_shoals_hunting_party
Shoals:4: shoals_end_simple, layout_shoals
Spider:1: layout_cave_pods, hive_lemuel
Spider:2: layout_spider_delve, nicolae_spider_paper_wasps,
          hangedman_spider_tarantella_strand, uniq_arachne, uniq_roxanne
Spider:3: layout_spider_delve
Spider:4: hellmonk_spider_rune_bug_friends, uniq_aizul
Orc:1:    layout_diamond_mine, mines2_david
Orc:2:    grunt_orc_gardens, layout_diamond_mine, grunt_orc_garden,
          grunt_orc_garden, grunt_orc_garden, grunt_orc_garden, basic_altar
Elf:1:    minmay_elf_arrival_circle, layout_geoelf_octagon, serial_shops,
          nicolae_shop_advertising_works [nicolae_subvault_shop_adworks],
          hangedman_corner_corridor, minmay_misc_feat_five
Elf:2:    nicolae_elf_blades_crystal_corner, layout_loops_corners
Elf:3:    minmay_elf_hall_circle, layout_geoelf_castle, dk_noncrumbling_4,
          st_stairs_10
Vaults:1: gammafunk_ghost_arena, vaults_dpeg_encased_lava,
          nicolae_vaults_diagonal_hallway_7, vaults_mumra_chevron_long,
          st_smaller_cells, nicolae_vaults_specimen_jars, v_alt_pattern_2,
          nicolae_vaults_rhombus_6, layout_vaults_omnibox
Vaults:2: nicolae_vaults_angled_halls, v_alt_pattern_2, v_misc_33, serial_ice_g,
          v_misc_12, nicolae_vaults_yaktaur_gun_rack, st_hourglassy,
          nicolae_vaults_little_squares_1, vaults_dpeg_ring,
          layout_vaults_chaotic_city, uniq_mara
Vaults:3: nzn_ghost_randoct, minmay_crypt_entry_simple_round,
          hangedman_vaults_capsules, vaults_room_door_ring,
          grunt_vaults_hallway_short, v_alt_pattern_5, layout_vaults_quadrants,
          serial_shops, nicolae_shop_temple_entry_statues_fountains, uniq_mennas
Vaults:4: portal_desolation_entry_twin_temple, gammafunk_sealed_arena,
          ontoclasm_vaults_ring_square, nicolae_vaults_hallways_thing,
          nicolae_vaults_theta, v_pattern_4, nicolae_vaults_angled_halls,
          layout_vaults_maze_snakey, uniq_bai_suzhen, uniq_frederick
Vaults:5
Crypt:1:  layout_chaotic_city, skrybe_necro_troll_2, grunt_megastairs_4
Crypt:2:  layout_rooms, uniq_vv, uniq_xtahua, uniq_zenata, uniq_khufu
Crypt:3:  lightli_unholy_cathedral, layout_chaotic_city,
          tomb_entry_simple_bobbens, st_stairs_3, uniq_jory
Depths:1: layout_gridville, minmay_misc_feat_iff, rand_demon_pan_entry_8,
          abyss_entry_small_statue_room, hangedman_coc_ice_floe,
          minmay_protected_statue, minmay_shop_grove
Depths:2: gammafunk_mikee_crab_dinner, layout_gridville,
          grunt_hell_entry_dis_grunt, nicolae_sextant, enter_trove_3,
          grunt_pan_entry_spiral, minmay_staircase_windowed_large
Depths:3: minmay_eyes, layout_basic, hellmouth_1, fedhas_altar_1, abyss_entry,
          hangedman_stitches_earthworm, uniq_grunn, uniq_boris
Depths:4: grunt_zot_entry_tricorne, layout_basic, enter_ziggurat_c, abyss_entry,
          grunt_metal_band, grunt_pan_entry_in_and_out, minmay_misc_feat_room,
          uniq_josephina

Skill      XL: |  1  2  3  4  5  6  7  8  9 10 11 12 13 14 15 16 17 18 19 20 21 22 23 24 25 |
---------------+----------------------------------------------------------------------------+-----
Spellcasting   | 3 4 5 6 7 8 9 10 13 15 16 20 22 | 22.2
Fire Magic     | 4 5 6 9 10 12 13 14 | 14.0
Conjurations   | 3 5 8 10 12 13 14 16 17 | 17.6
Transmutations | 2 6 9 10 | 10.0
Fighting       | 5 9 10 13 14 15 | 15.0
Short Blades   | 4 5 |  5.0
Air Magic      | 7 8 9 13 16 17 | 17.5
Earth Magic    | 4 8 14 18 | 18.2
Dodging        | 4 7 |  7.5
Evocations     | 5 6 7 |  7.5
Poison Magic   | 5 |  5.0
Necromancy     | 2 6 |  6.0
Stealth        | |  2.4

Action                   |  1- 3 |  4- 6 |  7- 9 | 10-12 | 13-15 | 16-18 | 19-21 | 22-24 | 25-27 || total
-------------------------+-------+-------+-------+-------+-------+-------+-------+-------+-------++-------
Melee: Dagger            |    54 |    46 |    16 |    45 |   164 |   176 |    56 |    42 |     2 ||   601
       Punch             |     2 |       |     1 |       |     3 |     6 |     1 |       |       ||    13
       Unarmed           |     1 |       |       |       |       |       |       |       |       ||     1
       Bite              |    16 |    13 |     4 |    17 |    77 |    84 |    29 |    22 |     1 ||   263
       Triple crossbow   |       |       |       |       |       |     1 |     7 |       |       ||     8
 Fire: Triple crossbow   |       |       |       |       |       |     6 |     8 |     3 |       ||    17
Throw: Dart              |       |       |     1 |     5 |     8 |       |       |       |       ||    14
 Cast: Foxfire           |     5 |       |       |       |       |       |       |       |       ||     5
       Scorch            |    15 |    68 |   124 |   182 |    63 |       |       |       |       ||   452
       Flame Wave        |       |       |     3 |    29 |    29 |    20 |     1 |       |       ||    82
       Irradiate         |       |       |       |    35 |   129 |   123 |    96 |    48 |     4 ||   435
       Stone Arrow       |       |       |       |       |   436 |   558 |   175 |   104 |     3 ||  1276
       Airstrike         |       |       |       |       |    93 |    53 |       |       |       ||   146
       Fireball          |       |       |       |       |     8 |    98 |       |       |       ||   106
       Yara's Violent Un |       |       |       |       |     4 |       |    25 |     6 |     1 ||    36
       Orb of Destructio |       |       |       |       |       |    96 |   223 |   230 |    18 ||   567
       Starburst         |       |       |       |       |       |    30 |    80 |     5 |     5 ||   120
       Eringya's Noxious |       |       |       |       |       |     1 |    28 |     4 |       ||    33
       Borgnjor's Vile C |       |       |       |       |       |       |    12 |   119 |     5 ||   136
       Ignite Poison     |       |       |       |       |       |       |     8 |     4 |       ||    12
       Ignition          |       |       |       |       |       |       |    18 |    12 |       ||    30
       Shatter           |       |       |       |       |       |       |       |   148 |    12 ||   160
       Chain Lightning   |       |       |       |       |       |       |       |    38 |    17 ||    55
Evoke: Wand              |       |       |       |       |       |    11 |     2 |     5 |     1 ||    19
       Condenser vane    |       |       |       |       |       |     3 |     2 |     1 |     1 ||     7
       Phial of floods   |       |       |       |       |       |     1 |     1 |       |       ||     2
       Box of beasts     |       |       |       |       |       |       |     2 |       |       ||     2
       Phantom mirror    |       |       |       |       |       |       |       |     1 |       ||     1
  Use: Scroll            |       |     6 |     5 |     7 |    19 |    10 |    17 |     6 |     6 ||    76
       Potion            |       |       |       |     2 |     3 |     3 |     5 |       |     7 ||    20
 Stab: Sleeping          |     3 |       |       |       |       |       |       |       |       ||     3
       Distracted        |       |       |       |       |     1 |       |       |       |       ||     1
       Invisible         |       |       |       |       |       |       |       |       |     1 ||     1
Armor: Robe              |    10 |    15 |    18 |    68 |   158 |   346 |   171 |   101 |     9 ||   896
Dodge: Dodged            |    27 |    45 |    73 |   134 |   287 |   504 |   247 |   131 |    12 ||  1460

Table legend: (Time is in decaauts)
 A = Elapsed time spent in this place.
 B = Non-inter-level travel time spent in this place.
 C = Inter-level travel time spent in this place.
 D = Time resting spent in this place.
 E = Time spent auto-exploring this place.
 F = Levels seen in this place.
 G = Mean time per level.
                   A        B        C        D        E       F      G
               +--------+--------+--------+--------+--------+-----+--------+
         Total |  78157 |  68750 |   9407 |  11951 |  40508 |  49 | 1595.0 |
       Dungeon |  22537 |  18404 |   4133 |   1548 |  14098 |  15 | 1502.5 |
        Temple |    251 |    214 |     37 |      0 |    206 |   1 |  251.0 |
          Lair |  11350 |  10537 |    813 |   2099 |   6577 |   5 | 2270.0 |
        Shoals |   4600 |   4326 |    274 |    573 |   2688 |   4 | 1150.0 |
   Spider Nest |   6015 |   5599 |    416 |   1134 |   3103 |   4 | 1503.8 |
  Orcish Mines |   3034 |   2845 |    189 |    785 |   1559 |   2 | 1517.0 |
   Elven Halls |   3883 |   3778 |    105 |    515 |   2403 |   3 | 1294.3 |
        Vaults |  11431 |   9372 |   2059 |   2188 |   3564 |   5 | 2286.2 |
         Crypt |   4598 |   4127 |    471 |   1264 |   1908 |   3 | 1532.7 |
        Depths |   8744 |   7839 |    905 |   1334 |   3944 |   4 | 2186.0 |
         Trove |    188 |    188 |      0 |      0 |    118 |   1 |  188.0 |
      Ice Cave |   1097 |   1097 |      0 |    303 |    306 |   1 | 1097.0 |
      Gauntlet |    423 |    423 |      0 |    207 |     31 |   1 |  423.0 |
               +--------+--------+--------+--------+--------+-----+--------+

Top non-repeatable levels by time:
Vaults:3: 5182 daAuts
Vaults:2: 3278 daAuts
  Lair:5: 3153 daAuts
  Lair:4: 3022 daAuts
Depths:3: 2701 daAuts
Depths:2: 2250 daAuts
 Crypt:1: 2116 daAuts
Depths:4: 2110 daAuts
    D:10: 2050 daAuts
    D:13: 1994 daAuts
Vaults:1: 1973 daAuts
Spider:4: 1969 daAuts
   Elf:3: 1878 daAuts
    D:14: 1873 daAuts
 Crypt:3: 1871 daAuts
